 Dungeon Crawl Stone Soup version 0.28-a0-1374-ga75cb3825e (webtiles) character file.

Game seed: 16978693016281858352

140 bande the Skirmisher (level 5, 0/33 HPs)
             Began as a Gargoyle Fighter on Jan 1, 2022.
             Was an Initiate of Okawaru.
             Slain by Duvessa (5 damage)
             ... on level 4 of the Dungeon.
             The game lasted 00:05:00 (3116 turns).

bande the Skirmisher (Gargoyle Fighter)             Turns: 3116, Time: 00:05:00

Health: 0/33       AC: 15    Str: 19    XL:     5   Next: 22%
Magic:  5/5        EV:  5    Int:  9    God:    Okawaru [......]
Gold:   111        SH:  4    Dex: 11    Spells: 4/4 levels left

rFire   . . .      SeeInvis .   a - +1 war axe
rCold   . . .      Faith    .   c - +0 buckler
rNeg    + . .      Spirit   .   g - +0 plate armour
rPois   ∞          Reflect  .   (no helmet)
rElec   +          Harm     .   (no cloak)
rCorr   .          Rampage  .   (no gloves)
Will    .....                   (no boots)
Stlth   ..........              (no amulet)
HPRegen 0.11/turn               (no ring)
MPRegen 0.09/turn               (no ring)

@: mighty, brilliant, lit by a corona, glowing
A: sickness immunity, AC +4, negative energy resistance 1, electricity
resistance, torment resistance 1, petrification resistance
a: Renounce Religion


You were on level 4 of the Dungeon.
You worshipped Okawaru.
Okawaru was noncommittal.
You visited 2 branches of the dungeon, and saw 5 of its levels.

You collected 111 gold pieces.

Inventory:

Hand Weapons
 a - a +1 war axe (weapon)
Missiles
 b - 2 throwing nets (quivered)
Armour
 c - a +0 buckler (worn)
 g - a +0 plate armour (worn)
 k - the +0 ring mail of Purpose {rC++}
   (You found it on level 3 of the Dungeon)

   rC:        It greatly protects you from cold.
Scrolls
 f - a scroll of vulnerability {unknown}
 i - a scroll of amnesia
Potions
 d - a potion of might
 e - a potion of cancellation
 h - a potion of flight
 j - a potion of brilliance


   Skills:
 + Level 4.1 Fighting
 + Level 3.3 Axes
 + Level 4.1 Armour
 + Level 3.9 Shields


You had 4 spell levels left.
You didn't know any spells.
Your spell library contained the following spells:

 Spells                   Type           Power      Damage    Failure   Level
 Summon Small Mammal      Summ           Unusable   N/A       N/A         1
 Call Canine Familiar     Summ           Unusable   N/A       N/A         3
 Summon Guardian Golem    Hex/Summ       Unusable   N/A       N/A         3

Dungeon Overview and Level Annotations

Branches:
Dungeon (4/15)             Temple (1/1) D:4

Altars:
Ashenzari
Makhleb
Okawaru
Sif Muna
Wu Jian
Yredelemnul
The Shining One

Shops:
D:3 !

Annotations:
D:4 Dowan, Duvessa


Innate Abilities, Weirdness & Mutations

You are immune to sickness and miasma.
Your stone body is resilient. (AC +4)
You are immune to poison.
You resist negative energy. (rN+)
You are resistant to electric shocks. (rElec)
You are resistant to unholy torment.
You are immune to petrification.


Message History

You are outlined in light.
It was a potion of brilliance.
You feel clever all of a sudden. Duvessa hits you but does no damage.
Dowan says, "Magic and the sword, together, will defeat you."
Duvessa says, "Where magic fails, the sword succeeds!"
Duvessa hits you with a +0 short sword.
* * * LOW HITPOINT WARNING * * *
It was a potion of curing.
You feel better. Duvessa hits you but does no damage. Dowan closely misses you.
You feel very mighty all of a sudden. Duvessa hits you but does no damage.
Dowan says, "Magic and the sword, together, will defeat you."
Dowan hits you but does no damage. Duvessa hits you but does no damage.
You slice Dowan!!
Dowan is almost dead.
You hit Duvessa but do no damage. You block Duvessa's attack.
Dowan hits you but does no damage. You block Duvessa's attack.
Unknown command.
You hit the dart slug.
The dart slug is moderately wounded.
You slash Duvessa! You closely miss Dowan. You block Duvessa's attack.
Dowan casts a spell.
Dowan blinks!
Duvessa hits you but does no damage. The dart slug barely misses you.
Dowan casts a spell.
Dowan blinks!
You slash the dart slug!
You kill the dart slug!
Okawaru accepts your kill.
You barely miss Duvessa. Duvessa hits you but does no damage.
You block Duvessa's attack.
Dowan points at you and mumbles some strange words.
The puff of flame hits you.
* * * LOW HITPOINT WARNING * * *
You slash Duvessa!
Duvessa is severely wounded.
You are engulfed in a cloud of scalding steam.
You block Duvessa's attack. Duvessa hits you with a +0 short sword.
You die...

#.#<....#
#.......#
#.......#
#.#.....#
.#########.#.....#
.................#
.#...............#
.........$...#####
........§@8.##
#....e..e...##
....##.>.⌠8..#
#............#
#####....⌠8..#
#........#
##....##.# ###..#
.# #... .#


You could see Duvessa (fast) and Dowan.

Vanquished Creatures
  6 adders
  A worm (D:2)
  8 dart slugs
  8 ball pythons
  4 bats (D:1)
  5 endoplasms
  2 giant cockroaches (D:1)
  7 hobgoblins
  6 jackals
  3 kobolds
  2 quokkas
  6 frilled lizards
  4 goblins
  4 rats
66 creatures vanquished.

Notes
Turn   | Place    | Note
-------+----------+-------------------------------------------
     0 | D:1      | bande the Gargoyle Fighter began the quest for the Orb.
     0 | D:1      | Reached XP level 1. HP: 14/14 MP: 1/1
    72 | D:1      | Reached XP level 2. HP: 16/19 MP: 2/2
   581 | D:1      | Reached XP level 3. HP: 24/24 MP: 3/3
  1175 | D:2      | Reached XP level 4. HP: 26/29 MP: 4/4
  2452 | D:3      | Found a burning altar of Makhleb.
  2457 | D:3      | Noticed an Executioner
  2494 | D:3      | Identified the +0 ring mail of Purpose {rC++}
  2537 | D:3      | Reached XP level 5. HP: 33/33 MP: 5/5
  2572 | D:3      | Found Wirugudei's Distillery.
  2985 | D:4      | Found a staircase to the Ecumenical Temple.
  3001 | D:4      | Noticed Duvessa
  3003 | D:4      | Noticed Dowan
  3004 | Temple   | Entered the Ecumenical Temple
  3028 | Temple   | Became a worshipper of Warmaster Okawaru
  3116 | D:4      | Slain by Duvessa

Illustrated notes

Levels and vault maps discovered:
D:1:      roderic_chinese_lattice_arrival, layout_loops_corners,
          minmay_lizard_pond
D:2:      layout_basic, patterned_corridor
D:3:      layout_loops_ring, makhleb_altar_promises_db, serial_shops, shop
D:4:      layout_rooms, minmay_temple_entry_drinking_statues,
          kennysheep_generic_room_13, uniq_duvessa
Temple:   nicolae_temple_elliptical

Skill      XL: |  1  2  3  4 |
---------------+-------------+-----
Axes           | 2 3 |  3.3
Armour         | 4 |  4.1
Fighting       | 4 |  4.1
Shields        | |  3.9

Action                   |  1- 3 |  4- 6 || total
-------------------------+-------+-------++-------
Melee: War axe           |    84 |   126 ||   210
  Use: Scroll            |       |     6 ||     6
       Potion            |       |     3 ||     3
Armor: Scale mail        |    53 |    12 ||    65
       Plate armour      |       |    88 ||    88
Dodge: Dodged            |    36 |    43 ||    79
Block: Buckler           |    16 |    46 ||    62

Table legend: (Time is in decaauts)
 A = Elapsed time spent in this place.
 B = Non-inter-level travel time spent in this place.
 C = Inter-level travel time spent in this place.
 D = Time resting spent in this place.
 E = Time spent auto-exploring this place.
 F = Levels seen in this place.
 G = Mean time per level.
                   A        B        C        D        E       F      G
               +--------+--------+--------+--------+--------+-----+--------+
         Total |   3197 |   3197 |      0 |     14 |   2551 |   5 |  639.4 |
       Dungeon |   3105 |   3105 |      0 |      0 |   2538 |   4 |  776.2 |
        Temple |     91 |     91 |      0 |     14 |     13 |   1 |   91.0 |
               +--------+--------+--------+--------+--------+-----+--------+

Top non-repeatable levels by time:
     D:1: 1145 daAuts
     D:2: 964 daAuts
     D:3: 940 daAuts
  Temple: 91 daAuts
     D:4: 55 daAuts
